 Dungeon Crawl Stone Soup version 0.21.1-1-g345015f (webtiles) character file.

57 4thArraOfDagon the Grave Robber (level 3, 0/28 HPs)
             Began as a Deep Dwarf Necromancer on June 8, 2018.
             Shot with an arrow by a centaur (11 damage)
             ... on level 6 of the Dungeon.
             The game lasted 00:03:11 (467 turns).

4thArraOfDagon the Grave Robber (DDNe)               Turns: 467, Time: 00:03:12

Health: 0/28       AC:  3    Str: 11    XL:     3   Next: 73%
Magic:  5/6        EV: 14    Int: 16    God:
Gold:   63         SH:  0    Dex: 13    Spells: 2/6 levels left

rFire    . . .     SeeInvis .   e - +1 short sword (drain)
rCold    . . .     Gourm    .   (no shield)
rNeg     . . .     Faith    .   a - +0 robe
rPois    .         Spirit   .   h - +1 hat
rElec    .         Reflect  .   (no cloak)
rCorr    .         Harm     .   (no gloves)
MR       .....                  (no boots)
Stlth    ++........             (no amulet)
HPRegen  0.00/turn              g - +2 ring of evasion
MPRegen  0.10/turn              (no ring)

@: non-regenerating
A: damage resistance, heal wounds, sense surroundings 1, no regeneration
a: Heal Wounds


You were on level 6 of the Dungeon.
You were not hungry.

You visited 1 branch of the dungeon, and saw 6 of its levels.

You collected 63 gold pieces.

Inventory:

Hand Weapons
 e - a +1 short sword of draining (weapon)
Armour
 a - a +0 robe (worn)
 h - a +1 hat (worn)
Jewellery
 g - a +2 ring of evasion (left hand)
Scrolls
 d - 2 scrolls of blinking {unknown}
 f - 2 scrolls of teleportation {unknown}
 i - a scroll of enchant armour {unknown}
 j - a scroll of remove curse {unknown}
Books
 b - a book of Necromancy

   Spells                             Type                      Level
   a - Pain                           Necromancy                   1
   b - Animate Skeleton               Necromancy                   1
   c - Vampiric Draining              Necromancy                   3
   d - Regeneration                   Charms/Necromancy            3
   e - Animate Dead                   Necromancy                   4
   f - Borgnjor's Vile Clutch         Necromancy/Earth             5
Comestibles
 c - 2 rations


   Skills:
 - Level 2.1 Dodging
 - Level 2.4 Stealth
 + Level 2.0 Spellcasting
 * Level 5.8 Necromancy


You had 2 spell levels left.
You knew the following spells:

 Your Spells              Type           Power        Failure   Level  Hunger
a - Pain                  Necr           ###.         1%          1    #......
b - Vampiric Draining     Necr           ###.......   5%          3    ###....


Dungeon Overview and Level Annotations

Branches:
Dungeon (6/15)
 Temple: D:4-7

Altars:
Ashenzari
Qazlal
Xom

Annotations:
D:3 Terence


Innate Abilities, Weirdness & Mutations

You are resistant to damage.
You can heal yourself by infusing magical energy.
You passively map a small area around you.
You do not regenerate.


Message History

There is a stone staircase leading down here.
Unknown command.
You climb downwards.
Found 8 tomahawks.
There is a stone staircase leading up here.
Found a scroll labeled RIULIR UTRU.
A phantom comes into view.
Found 11 gold pieces.
Found a shimmering altar of Xom.
Found a stone staircase leading up.
A centaur comes into view.
The centaur shouts!
The centaur wields a shortbow.
The centaur shoots an arrow.
The arrow barely misses you.
Unknown command.
The centaur shoots an arrow.
The arrow misses you.
The centaur shoots an arrow.
The arrow misses you.
You see here a scroll labeled RIULIR UTRU.
j - a scroll labeled RIULIR UTRU The phantom blinks!
The centaur shoots an arrow.
The arrow hits you!
You die...

* *
############### *
#...........(.. *
+.............. ,
, #.....<........
* ,
##...##.####≈≈ *
, #...##.###§≈≈ ,
, #.........≈c≈≈
..##.........≈≈§§
.....<.@....§≈.§≈
..###########≈§§≈
* , ** #§≈≈≈ ,,
,, , ,* ... , ,,
, ,.. , ,,, , , ,
, , * , , * *


You could see a centaur.

Vanquished Creatures
  3 adders
  An ooze (D:5)
  2 orcs
  A ball python (D:2)
  A goblin (D:3)
  2 hobgoblins (D:3)
  6 jackals
  4 bats
  2 kobolds
  2 rats
24 creatures vanquished.

Notes
Turn   | Place    | Note
-------+----------+-------------------------------------------
     0 | D:1      | 4thArraOfDagon the Deep Dwarf Necromancer began the quest for the Orb.
     0 | D:1      | Reached XP level 1. HP: 15/15 MP: 3/3
     6 | D:1      | Noticed a polar bear
     6 | D:1      | Noticed a killer bee
     6 | D:1      | Noticed a wolf
     6 | D:1      | Noticed a lindwurm
     6 | D:1      | Noticed a four-headed hydra
    61 | D:2      | Found a stormy altar of Qazlal.
   137 | D:2      | Reached skill level 5 in Necromancy
   137 | D:2      | Reached XP level 2. HP: 19/22 MP: 1/4
   163 | D:2      | Found a shattered altar of Ashenzari.
   182 | D:3      | Reached XP level 3. HP: 24/28 MP: 1/5
   296 | D:3      | Found a faded altar of an unknown god.
   365 | D:4      | Found a shimmering altar of Xom.
   379 | D:4      | Learned a level 3 spell: Vampiric Draining
   440 | D:3      | Noticed Terence
   445 | D:5      | Entered Level 5 of the Dungeon
   463 | D:6      | Found a shimmering altar of Xom.
   463 | D:6      | Noticed a phantom
   465 | D:6      | Noticed a centaur
   467 | D:6      | Shot with an arrow by a centaur

Skill      XL: |  1  2  3 |
---------------+----------+-----
Necromancy     | 5 |  5.8
Spellcasting   | 2 |  2.0
Dodging        | |  2.1
Stealth        | |  2.4

Action                   || total
-------------------------++-------
Melee: Short sword       ||    39
       Unarmed           ||     1
 Cast: Pain              ||    25
Armor: Robe              ||    13
Dodge: Dodged            ||    56
